 Dungeon Crawl Stone Soup version 0.27-a0-681-g0c81a3c1c3 (webtiles) character file.

Game seed: 5049889799538474902

11750 robertstho the Protected (level 11, -4/104 HPs)
             Began as a Deep Dwarf Fighter on Mar 19, 2021.
             Was a Priest of Makhleb.
             Slain by Erolcha
             ... wielding a +0 giant spiked club
              (20 damage)
             ... on level 10 of the Dungeon.
             The game lasted 00:19:14 (9042 turns).

robertstho the Protected (Deep Dwarf Fighter)       Turns: 9042, Time: 00:19:15

Health: -4/104     AC: 19    Str: 22    XL:     11   Next: 53%
Magic:  1/1        EV: 12    Int: 10    God:    Makhleb [***...]
Gold:   150        SH:  0    Dex: 12    Spells: 10/10 levels left

rFire    . . .     SeeInvis .   B - +0 battleaxe
rCold    . . .     Faith    .   (shield currently unavailable)
rNeg     + . .     Spirit   .   P - +0 swamp dragon scales
rPois    +         Reflect  .   y - +1 helmet
rElec    .         Harm     .   n - +1 cloak
rCorr    .         Rampage  .   (no gloves)
Will     +....                  (no boots)
Stlth    +.........             (no amulet)
HPRegen  0.00/turn              t - ring of positive energy
MPRegen  0.07/turn              S - +4 ring of protection

@: about to teleport, non-regenerating, slowed, very slow
A: damage resistance, heal wounds, sense surroundings 2, no regeneration
a: Heal Wounds, Renounce Religion, Minor Destruction, Lesser Servant of Makhleb


You were on level 10 of the Dungeon.
You worshipped Makhleb.
Makhleb was most pleased with you.
You visited 2 branches of the dungeon, and saw 11 of its levels.
You visited the Abyss 1 time.

You collected 544 gold pieces.
You spent 394 gold pieces at shops.

Inventory:

Hand Weapons
 a - a +0 war axe
 m - a +4 dagger of holy wrath
 p - a +0 morningstar
 B - a +0 battleaxe (weapon)
 G - a +2 vorpal trident
Armour
 b - a +0 plate armour
 c - a +0 kite shield
 n - a +1 cloak (worn)
 y - a +1 helmet (worn)
 P - +0 swamp dragon scales (worn)
Jewellery
 e - a ring of resist corrosion
 q - a ring of flight
 t - a ring of positive energy (right hand)
 L - a ring of protection from cold
 O - a ring of positive energy
 S - a +4 ring of protection (left hand)
 T - a ring of poison resistance
Wands
 o - a wand of flame (36)
 R - a wand of acid (4)
Scrolls
 d - 3 scrolls of vulnerability {unknown}
 f - a scroll of acquirement {unknown}
 h - a scroll of teleportation
 i - 2 scrolls of immolation {unknown}
 k - a scroll of random uselessness {unknown}
 l - 3 scrolls of magic mapping {unknown}
 r - a scroll of brand weapon {unknown}
 s - a scroll of summoning {unknown}
 u - 2 scrolls of enchant armour {unknown}
 w - 2 scrolls of noise {unknown}
 C - 2 scrolls of enchant weapon {unknown}
 E - a scroll of torment {unknown}
 H - 3 scrolls of fog
 J - a scroll of blinking
 M - a scroll of fear
 Q - a scroll of silence {unknown}
Potions
 g - 3 potions of cancellation
 j - 3 potions of ambrosia
 v - a potion of haste
 x - a potion of resistance
 A - 3 potions of attraction {unknown}
 D - a potion of flight
 F - 2 potions of mutation
 I - a potion of curing
 K - a potion of might
 N - a potion of magic


   Skills:
 * Level 8.7 Fighting
 + Level 11.4 Axes
 * Level 11.5 Armour
 + Level 3.6 Dodging
 - Level 1.0 Stealth
 + Level 5.0 Shields
 * Level 6.6 Invocations
 + Level 0.5 Evocations


You had 10 spell levels left.
You didn't know any spells.
Your spell library contained the following spells:

 Spells                   Type           Power      Damage    Failure   Level
 Animate Skeleton         Necr           0%         N/A       50%         1
 Apportation              Tloc           0%         N/A       50%         1
 Beastly Appendage        Tmut           0%         N/A       50%         1
 Corona                   Hex            0%         N/A       50%         1
 Summon Small Mammal      Summ           0%         N/A       50%         1
 Wereblood                Tmut           0%         N/A       63%         2
 Confusing Touch          Hex            0%         N/A       86%         3
 Gell's Gravitas          Tloc           0%         N/A       86%         3
 Spider Form              Tmut/Pois      0%         N/A       86%         3
 Ice Form                 Ice/Tmut       0%         N/A       99%         4
 Petrify                  Tmut/Erth      0%         N/A       99%         4
 Blade Hands              Tmut           0%         N/A       100%        5
 Metabolic Englaciation   Hex/Ice        0%         N/A       100%        5
 Yara's Violent Unravell  Hex/Tmut       0%         3d3       100%        5


Dungeon Overview and Level Annotations

Branches:
Dungeon (10/15)            Temple (1/1) D:6            Lair (0/6) D:9
    Orc (0/2) D:9

Altars:
Ashenzari
Cheibriados
Dithmenos
Elyvilon
Fedhas
Gozag
Hepliaklqana
Kikubaaqudgha
Makhleb
Nemelex Xobeh
Okawaru
Qazlal
Ru
Sif Muna
Trog
Uskayaw
Vehumet
Wu Jian
Xom
Yredelemnul
Zin
The Shining One
Lugonu

Shops:
D:2 ?   D:10 =!*:

Annotations:
D:2 scroll shop
D:10 288 hat, Erolcha


Innate Abilities, Weirdness & Mutations

You are resistant to damage.
You can heal yourself by infusing magical energy.
You passively map the area around you.
You do not regenerate.


Message History

* * * LOW HITPOINT WARNING * * *
Your hellwing hits the small abomination!
The small abomination is destroyed!
Makhleb accepts your kill.
The substance of the Abyss twists violently, and a gateway leading out appears!
There is a gateway leading out of the Abyss here.
There is a gateway leading out of the Abyss here.
You pass through the gate.
Welcome back to the Dungeon!
Your summoned ally is left behind.
Level annotation: 288 hat, Erolcha The kobold brigand barely misses you.
The kobold hits you but does no damage. Erolcha hits you but does no damage.
The kobold brigand closely misses you. The kobold closely misses you.
Erolcha screams, "Erolcha happy to kill you!"
Erolcha closely misses you.
The kobold brigand hits you but does no damage.
The kobold hits you. Erolcha barely misses you.
The kobold brigand hits you but does no damage.
The kobold barely misses you. Erolcha screams, "Erolcha kill you!"
The kobold brigand hits you with a +0 short sword.
* * * LOW HITPOINT WARNING * * *
Things that are here:
2 stones; a +0 short sword The kobold brigand hits you but does no damage. x2
The kobold hits you but does no damage. Erolcha misses you.
The kobold brigand throws a poisoned dart.
The poisoned dart barely misses you. The kobold hits you but does no damage.
As you read the scroll of fear, it crumbles to dust.
You assume a fearsome visage.
Erolcha resists with some effort.
The kobold brigand looks frightened!
The kobold looks frightened!
Erolcha barely misses you.
Erolcha casts a spell at herself.
Erolcha flickers and vanishes!
Deactivating autopickup; reactivate with Ctrl-A.
As you read the scroll of teleportation, it crumbles to dust.
You feel strangely unstable. Something hits you!
* * * LOW HITPOINT WARNING * * *
Something hits you!!
You die...

#...# #..# #...# #..#
#...# #..# #...# #..#
#...# #..## #...# #....
#...# #.... #...# #....
#..@# #.... #.){# #....
#...# #.... #..(# #....
#!..# #.... #######**
#()#############....
....... ..K..
............... .......
....#.∩.#..............
.......
..................#######


You could see a kobold (fleeing).

Vanquished Creatures
  A tentacled starspawn (Abyss:1)
  Josephine (D:10)
  A thrashing horror (Abyss:1)
  Maggie (D:10)
  An ancient zyme (Abyss:1)
  A large abomination (Abyss:1)
  A hydra skeleton (Abyss:1)
  5 wraiths (D:10)
  2 yaks (D:9)
  A small abomination (Abyss:1)
  Grum (D:8)
  2 humans (D:8)
  2 water moccasins
  3 orc warriors
  3 black bears
  2 ice beasts
  2 sky beasts
  3 wolves (D:8)
  2 ogres
  2 centaurs
  3 kobold brigands
  Blork the orc (D:4)
  9 bullfrogs
  3 gnoll sergeants
  2 water moccasin zombies (D:10)
  3 scorpions
  6 killer bees
  An oklob sapling (D:6)
  A howler monkey (D:4)
  An electric eel (D:8)
  A crimson imp (D:7)
  A jelly (D:8)
  A quasit (Abyss:1)
  3 hounds
  Crazy Yiuf (D:2)
  5 gnoll shamans (D:6)
  6 orc priests
  An iron imp (Abyss:1)
  8 worker ants
  4 iguanas
  6 orc wizards
  A hound zombie (D:7)
  A howler monkey zombie (D:6)
  A worker ant zombie (D:2)
  44 gnolls
  12 adders
  3 white imps
  An ufetubus (D:5)
  An ooze (D:6)
  A worm (D:2)
  2 dart slugs
  3 leopard geckos
  40 orcs
  A ball python (D:1)
  2 bat zombies (D:2)
  5 giant cockroaches
  6 goblins
  9 hobgoblins
  27 jackals
  3 quokkas
  3 bats
  4 frilled lizards
  A giant cockroach zombie (D:2)
  A jackal skeleton (D:7)
  A jackal zombie (D:7)
  34 kobolds
  4 rats
  2 starspawn tentacles (Abyss:1)
317 creatures vanquished.

Vanquished Creatures (collateral kills)
  Snorg (D:10)
  A shadow wraith (Abyss:1)
  An ugly thing (Abyss:1)
  A small abomination (Abyss:1)
  A killer bee (D:10)
  A worker ant (D:10)
6 creatures vanquished.

Vanquished Creatures (others)
  21 fungi (D:9)
  48 plants
  3 starspawn tentacles (Abyss:1)
  A withered plant (D:2)
73 creatures vanquished.

Grand Total: 396 creatures vanquished

Notes
Turn   | Place    | Note
-------+----------+-------------------------------------------
     0 | D:1      | robertstho the Deep Dwarf Fighter began the quest for the
                  | Orb.
     0 | D:1      | Reached XP level 1. HP: 20/20 MP: 1/1
    75 | D:1      | Reached XP level 2. HP: 20/27 MP: 2/2
   570 | D:2      | Found a shimmering altar of Xom.
   605 | D:2      | Reached XP level 3. HP: 21/34 MP: 3/3
   711 | D:2      | Found Zehos's Magic Scroll Emporium.
   734 | D:2      | Bought a scroll of identify for 26 gold pieces
   813 | D:2      | Reached XP level 4. HP: 37/42 MP: 4/4
   821 | D:2      | Found Zin's Purification Station.
   827 | D:2      | Found a glowing silver altar of Zin.
  1119 | D:2      | Found a runed translucent door.
  1120 | D:2      | Noticed Crazy Yiuf
  1292 | D:2      | Killed Crazy Yiuf
  1399 | D:3      | Reached skill level 1 in Dodging
  1399 | D:3      | Reached XP level 5. HP: 20/49 MP: 4/4
  1435 | D:3      | Found a broken altar of Ashenzari.
  1510 | D:3      | Reached skill level 5 in Armour
  1793 | D:3      | Found an ornate altar of the Wu Jian Council.
  1946 | D:4      | Reached XP level 6. HP: 33/56 MP: 5/5
  1987 | D:4      | Found an opulent altar of Gozag.
  2004 | D:4      | Noticed Blork the orc
  2018 | D:4      | Killed Blork the orc
  2284 | D:5      | Entered Level 5 of the Dungeon
  2442 | D:5      | Noticed a sky beast
  2475 | D:5      | Killed a sky beast
  2476 | D:5      | Reached XP level 7. HP: 38/64 MP: 5/5
  2536 | D:5      | Found a glowing golden altar of the Shining One.
  3106 | D:5      | Found a shimmering blue altar of Sif Muna.
  3147 | D:5      | Reached skill level 5 in Axes
  3376 | D:5      | Found a sparkling altar of Nemelex Xobeh.
  3376 | D:5      | Found a radiant altar of Vehumet.
  3682 | D:6      | Found a sacrificial altar of Ru.
  3718 | D:6      | Reached skill level 5 in Shields
  3727 | D:6      | Found a staircase to the Ecumenical Temple.
  3785 | Temple   | Entered the Ecumenical Temple
  3874 | D:6      | Reached XP level 8. HP: 47/73 MP: 6/6
  3979 | D:6      | Reached skill level 1 in Stealth
  4448 | D:6      | Reached skill level 5 in Fighting
  4854 | D:7      | Found a burning altar of Makhleb.
  4854 | D:7      | Found a shimmering altar of Xom.
  4861 | D:7      | Became a worshipper of Makhleb the Destroyer
  5019 | D:7      | Reached skill level 1 in Invocations
  5019 | D:7      | Gained mutation: You passively map the area around you.
                  | [Deep Dwarf growth]
  5019 | D:7      | Reached XP level 9. HP: 45/81 MP: 6/8
  5328 | D:7      | Reached * piety under Makhleb
  5562 | D:2      | Bought a potion of curing for 90 gold pieces
  5579 | D:2      | Bought a scroll of blinking for 97 gold pieces
  5579 | D:2      | Bought a scroll of identify for 26 gold pieces
  5579 | D:2      | Bought a scroll of fog for 26 gold pieces
  5579 | D:2      | Bought a scroll of amnesia for 45 gold pieces
  5579 | D:2      | Bought a scroll of fear for 45 gold pieces
  5579 | D:2      | Bought a scroll of teleportation for 39 gold pieces
  6097 | D:8      | Found a blossoming altar of Fedhas.
  6223 | D:8      | Found a stormy altar of Qazlal.
  6259 | D:8      | Found an iron altar of Okawaru.
  6326 | D:8      | HP: 4/82 [orc warrior/+0 scimitar (1)]
  6357 | D:8      | Reached ** piety under Makhleb
  6589 | D:8      | Reached skill level 10 in Armour
  6698 | D:8      | Noticed Grum
  6708 | D:8      | Killed Grum
  6718 | D:8      | Reached XP level 10. HP: 41/92 MP: 7/7
  6976 | D:9      | Found a staircase to the Lair.
  7012 | D:9      | Reached *** piety under Makhleb
  7060 | D:9      | Found a shadowy altar of Dithmenos.
  7240 | D:9      | Found a staircase to the Orcish Mines.
  7779 | D:9      | Found a basalt altar of Yredelemnul.
  8107 | D:10     | Entered Level 10 of the Dungeon
  8132 | D:10     | Noticed Snorg
  8211 | D:10     | Noticed Maggie
  8234 | D:10     | Killed Maggie
  8235 | D:10     | Reached skill level 10 in Axes
  8285 | D:10     | Found Wuozufri's Book Shoppe.
  8328 | D:10     | Found Sits's Assorted Antiques.
  8378 | D:10     | Found Yxuse's Jewellery Shop.
  8443 | D:10     | Noticed Josephine
  8477 | D:10     | Killed Josephine
  8478 | D:10     | Reached skill level 5 in Invocations
  8550 | D:10     | Killed Snorg
  8551 | D:10     | Reached XP level 11. HP: 40/103 MP: 4/4
  8774 | D:10     | Noticed Erolcha
  8777 | D:10     | Found Hurhenam's Distillery.
  8783 | D:10     | Cast into level 1 of the Abyss (Erolcha)
  8783 | Abyss:1  | Found a corrupted altar of Lugonu.
  8927 | Abyss:1  | Noticed a thrashing horror
  8944 | Abyss:1  | Killed a thrashing horror
  8967 | Abyss:1  | Noticed a tentacled starspawn
  8984 | Abyss:1  | Killed a tentacled starspawn
  9010 | Abyss:1  | Noticed a purple ugly thing
  9024 | Abyss:1  | Killed a purple ugly thing
  9028 | Abyss:1  | Killed a shadow wraith
  9036 | D:10     | Escaped the Abyss
  9042 | D:10     | Slain by Erolcha

Illustrated notes

Levels and vault maps discovered:
D:1:      amcnicky_arrival_choice, layout_rooms
D:2:      layout_loops_corners, zin_purify, serial_undead, serial_undead_e,
          serial_undead_a, serial_undead_b, serial_undead_d, serial_shops, shop,
          xom_teletrap_fun, uniq_crazy_yiuf_cottage
D:3:      layout_basic, nicolae_wu_jian_immortal_techniques, old_standard_altar
D:4:      layout_cave_pools, lemuel_crystal_altar, uniq_blork_the_orc
D:5:      corexii_shack_village, layout_layer_cave, kennysheep_little_box,
          lemuel_coloured_pillars_altar, gammafunk_temple_overflow_pools
D:6:      lemuel_castle_with_subvaults [lemuel_castle_interior_carwin_3],
          layout_loops_ring, nicolae_ru_great_annihilating_truth,
          minmay_temple_entry_oklob
D:7:      layout_basic, grunt_temple_overflow_champion_of_chaos
D:8:      layout_basic, grunt_qazlal_sundering, kennysheep_mini_moat,
          minivault_4, okawaru_humans, uniq_grum
D:9:      layout_layer_cave, nicolae_dithmenos_the_darkroom,
          overflow_temple_1_default, due_lair_maze_entry_diamond, orc_0_dummy
D:10:     layout_small_grid, serial_shops, nicolae_shop_stone,
          nicolae_shop_stone, shop, shop, uniq_erolcha, uniq_josephine,
          uniq_maggie, uniq_snorg
Temple:   corrupted_temple

Skill      XL: |  1  2  3  4  5  6  7  8  9 10 11 |
---------------+----------------------------------+-----
Fighting       | 3 4 5 6 7 8 |  8.7
Armour         | 4 5 6 8 10 11 | 11.5
Axes           | 3 4 5 7 9 10 11 | 11.4
Shields        | 4 5 |  5.0
Dodging        | 1 2 3 |  3.6
Stealth        | 1 |  1.0
Invocations    | 1 3 5 6 |  6.6
Evocations     | |  0.5

Action                   |  1- 3 |  4- 6 |  7- 9 | 10-12 || total
-------------------------+-------+-------+-------+-------++-------
Melee: War axe           |    81 |   226 |    47 |       ||   354
       Battleaxe         |       |       |   495 |   285 ||   780
Invok: Lesser Servant of |       |       |       |     4 ||     4
 Abil: Heal Wounds       |     1 |     7 |    18 |    29 ||    55
Evoke: Wand              |       |       |     4 |     3 ||     7
  Use: Scroll            |     1 |     2 |     4 |     4 ||    11
       Potion            |       |     1 |       |     7 ||     8
 Stab: Invisible         |       |       |     1 |       ||     1
       Paralysed         |       |       |     1 |       ||     1
       Distracted        |       |       |       |     1 ||     1
Armor: Scale mail        |    44 |   125 |    16 |       ||   185
       Plate armour      |       |       |   490 |   130 ||   620
       Chain mail        |       |       |    12 |       ||    12
       Swamp dragon scal |       |       |       |   150 ||   150
Dodge: Dodged            |    32 |    99 |   299 |   213 ||   643
Block: Kite shield       |    50 |   127 |    27 |       ||   204

Table legend: (Time is in decaauts)
 A = Elapsed time spent in this place.
 B = Non-inter-level travel time spent in this place.
 C = Inter-level travel time spent in this place.
 D = Time resting spent in this place.
 E = Time spent auto-exploring this place.
 F = Levels seen in this place.
 G = Mean time per level.
                   A        B        C        D        E       F      G
               +--------+--------+--------+--------+--------+-----+--------+
         Total |   9530 |   8839 |    691 |     22 |   6094 |  12 |  794.2 |
       Dungeon |   9200 |   8521 |    679 |     22 |   5992 |  10 |  920.0 |
        Temple |     46 |     34 |     12 |      0 |     34 |   1 |   46.0 |
         Abyss |    283 |    283 |      0 |      0 |     68 |   1 |  283.0 |
               +--------+--------+--------+--------+--------+-----+--------+

Top non-repeatable levels by time:
     D:5: 1480 daAuts
     D:6: 1273 daAuts
     D:9: 1167 daAuts
     D:2: 1026 daAuts
     D:7: 1011 daAuts
     D:8: 906 daAuts
    D:10: 745 daAuts
     D:3: 641 daAuts
     D:4: 483 daAuts
     D:1: 465 daAuts
 Abyss:1: 283 daAuts
  Temple: 46 daAuts
